Map: Lightshade LE

Players

Maru

  • Race: Terran Terran
  • Spawn Location: 5:00

ByuN - Winner!

  • Race: Terran Terran
  • Spawn Location: 11:00

Event: IEM Katowice 2021

VOD

Have the link to the VOD?

Description

Time

  • Played on: Feb. 22, 2021, 8:15 a.m.
  • Length: 11:52

All games in this series

Show
View Real Time Build Order
Export as new Build Order

Maru Terran 

Build Orders: Cyclone Opening 

Get SALT Encoding   

  12  0:00  SCV  
  13  0:12  SCV  
  14  0:16  Supply Depot  
  14  0:24  SCV  
  15  0:38  SCV  
  15  0:40  Barracks  
  16  0:43  Refinery  
  16  0:50  SCV  
  16  0:53  Refinery  
  17  1:02  SCV  
  18  1:14  SCV  
  19  1:27  Reaper, Orbital Command  
  19  1:29  Supply Depot  
  20  1:42  Factory  
  20  1:52  SCV  
  21  1:59  Reaper  
  22  2:04  SCV  
  23  2:16  SCV  
  24  2:27  Factory Tech Lab  
  24  2:28  SCV  
  24  2:29  Command Center  
  25  2:40  Starport  
  25  2:41  SCV  
  26  2:47  Cyclone  
  29  2:53  Supply Depot  
  29  2:55  SCV  
  30  2:58  Barracks Tech Lab  
  30  3:07  SCV  
  31  3:19  SCV, Cyclone  
  35  3:23  Refinery  
  35  3:25  Banshee  
  38  3:31  SCV  
  39  3:39  Barracks Reactor  
  39  3:41  Orbital Command  
  39  3:43  SCV  
  40  3:54  Siege Tank  
  44  3:55  SCV  
  44  3:57  Supply Depot  
  44  4:07  SCV  
  45  4:10  SCV  
  45  4:15  Marine x2  
  48  4:19  SCV  
  48  4:20  Raven  
  48  4:22  SCV  
  48  4:32  SCV  
  48  4:35  Marine  
  48  4:36  Marine  
  48  4:37  Command Center  
  48  4:38  SCV  
  52  4:49  Siege Tank  
  52  4:50  SCV  
  52  4:51  SCV  
  57  4:55  Refinery  
  57  4:56  Supply Depot  
  57  5:02  SCV, Marine x2  
  57  5:04  SCV  
  57  5:05  Supply Depot  
  61  5:14  SCV  
  61  5:17  Raven, SCV  
  65  5:23  Marine x2  
  65  5:27  Siege Tank  
  71  5:28  SCV  
  71  5:34  SCV  
  70  5:40  SCV  
  70  5:41  Marine x2  
  73  5:47  SCV, Engineering Bay  
  73  5:48  Engineering Bay  
  74  5:51  Orbital Command  
  74  5:52  SCV  
  75  5:59  SCV  
  75  6:01  Barracks  
  75  6:03  Barracks  
  76  6:04  SCV  
  76  6:10  Viking x2  
  81  6:13  Stimpack  
  81  6:15  SCV  
  82  6:18  Terran Infantry Weapons Level 1  
  82  6:21  Terran Infantry Armor Level 1  
  82  6:24  Siege Tank  
  85  6:27  Marine  
  85  6:31  SCV x2  
  88  6:34  Supply Depot  
  88  6:36  Supply Depot  
  87  6:40  SCV  
  87  6:44  Viking x2  
  87  6:45  Marine  
  91  6:48  Barracks Reactor  
  91  6:49  Barracks Reactor  
  91  6:53  SCV  
  92  6:59  Supply Depot  
  92  7:00  Barracks x2, Siege Tank  
  95  7:10  Marine  
  95  7:13  Supply Depot  
  95  7:14  Viking x2  
  97  7:16  SCV x2  
  99  7:26  Supply Depot  
  99  7:27  Armory  
  99  7:28  SCV  
  99  7:31  SCV  
  100  7:39  Marine x3  
  100  7:40  SCV, Siege Tank  
  100  7:41  Orbital Command  
  100  7:43  SCV  
  107  7:52  Barracks Reactor x2  
  107  7:53  SCV, Combat Shield  
  107  7:55  SCV  
  107  7:57  Medivac  
  111  8:05  SCV  
  111  8:06  SCV  
  111  8:08  SCV  
  111  8:09  Refinery x2  
  111  8:12  Marine x2  
  113  8:13  Marine x2  
  113  8:17  SCV  
  113  8:18  SCV  
  117  8:20  SCV  
  117  8:24  Supply Depot  
  117  8:26  Terran Infantry Weapons Level 2  
  118  8:29  SCV  
  118  8:30  SCV  
  118  8:32  SCV  
  121  8:39  Sensor Tower  
  119  8:41  SCV  
  119  8:42  SCV  
  119  8:43  Siege Tank  
  119  8:44  SCV, Marine x2  
  119  8:46  Viking x2  
  125  8:51  Marine  
  125  8:52  Marine  
  125  8:53  SCV  
  125  8:54  SCV  
  125  8:57  Terran Vehicle Weapons Level 1  
  125  8:59  Marine x4  
  129  9:03  Supply Depot  
  129  9:06  Marine x3  
  132  9:15  Siege Tank  
  135  9:17  Factory, Marine x3  
  135  9:20  Terran Infantry Armor Level 2  
  138  9:31  Marine x3  
  138  9:32  Medivac x2, Marine  
  146  9:39  Command Center  
  146  9:43  Supply Depot  
  146  9:44  Supply Depot x2  
  146  9:46  Marine  
  146  9:50  Missile Turret  
  146  9:51  Marine  
  141  10:01  Marine  
  141  10:02  Marine  
  141  10:03  Marine  
  143  10:09  Marine  
  139  10:19  Marine x2  
  139  10:20  Factory  
  138  10:21  Marine  
  138  10:25  Barracks x2  
  138  10:26  Barracks, Factory  
  138  10:27  Marine  
  140  10:28  Factory  
  139  10:37  Marine x2  
  139  10:39  Marine  
  108  10:44  SCV x2, Marine  
  108  10:45  SCV  
  103  10:55  Marine x2  
  103  10:56  SCV x2  
  107  10:57  SCV, Marine  
  107  11:02  Marine  
  110  11:04  Factory Tech Lab  
  110  11:08  SCV x2  
  110  11:10  Starport  
  110  11:11  Factory Tech Lab x2  
  112  11:13  Marine x2, Barracks Reactor  
  112  11:14  Barracks Reactor  
  112  11:15  Marine, Starport  
  114  11:20  Marine  
  113  11:30  Marine  
  113  11:31  Marine  
  110  11:32  Marine  
  118  11:43  Barracks x3  
Show
View Real Time Build Order
Export as new Build Order

ByuN Terran - Winner!

Build Orders:  

Get SALT Encoding   

  12  0:00  SCV  
  13  0:12  SCV  
  14  0:17  Supply Depot  
  14  0:24  SCV  
  15  0:38  SCV  
  15  0:40  Barracks  
  16  0:43  Refinery  
  16  0:50  SCV  
  16  0:53  Refinery  
  17  1:02  SCV  
  18  1:15  SCV  
  19  1:27  Reaper, Supply Depot, Orbital Command  
  20  1:41  Factory  
  20  1:52  SCV  
  21  1:59  Reaper  
  22  2:04  SCV  
  23  2:15  Command Center  
  23  2:18  SCV  
  24  2:27  Hellion  
  26  2:30  SCV  
  26  2:34  Barracks Reactor  
  27  2:38  Starport  
  28  2:45  Supply Depot  
  28  2:48  SCV  
  28  2:51  Widow Mine  
  30  3:01  SCV  
  31  3:11  Marine x2  
  33  3:13  Factory Tech Lab  
  33  3:15  SCV  
  33  3:17  Medivac  
  36  3:28  SCV, Orbital Command  
  36  3:29  Marine x2  
  39  3:35  Cyclone  
  39  3:39  Refinery  
  42  3:42  SCV  
  42  3:48  Supply Depot  
  43  3:50  Starport Tech Lab, Marine  
  43  3:52  Marine  
  43  3:55  SCV  
  46  3:56  SCV  
  47  4:07  Supply Depot  
  47  4:09  Raven  
  49  4:10  Marine  
  49  4:11  Marine  
  49  4:12  SCV  
  49  4:13  SCV  
  53  4:25  SCV x2  
  53  4:27  Siege Tank  
  58  4:35  Supply Depot  
  58  4:37  SCV x2  
  60  4:40  Marine x2  
  60  4:49  SCV x2  
  61  4:53  Raven  
  63  5:01  SCV, Siege Tank  
  63  5:02  SCV  
  68  5:07  Command Center  
  68  5:12  Supply Depot  
  68  5:14  SCV  
  69  5:15  SCV  
  70  5:26  SCV  
  70  5:27  SCV  
  76  5:35  Siege Tank  
  76  5:38  SCV  
  76  5:39  SCV  
  76  5:45  Refinery  
  76  5:49  Marine  
  76  5:50  SCV, Viking x2, Stimpack  
  76  5:51  SCV  
  76  5:54  Supply Depot  
  76  5:55  Barracks  
  83  6:02  SCV  
  83  6:03  SCV  
  85  6:07  Barracks, Marine  
  86  6:15  Siege Tank  
  86  6:17  Supply Depot  
  89  6:21  Engineering Bay  
  89  6:23  Engineering Bay  
  89  6:24  SCV x2  
  91  6:31  Orbital Command  
  91  6:34  Supply Depot, Viking  
  91  6:37  Viking  
  91  6:38  SCV  
  96  6:40  SCV  
  96  6:46  Barracks Reactor  
  97  6:49  Terran Infantry Weapons Level 1  
  97  6:50  SCV  
  97  6:51  Terran Infantry Armor Level 1  
  97  6:52  SCV  
  99  6:54  Orbital Command  
  99  6:57  Barracks Reactor  
  97  7:04  SCV x2  
  97  7:11  Barracks, Marine  
  97  7:14  Barracks, Viking x2  
  102  7:15  Siege Tank  
  102  7:20  SCV x3  
  108  7:25  Marine  
  108  7:26  Marine  
  110  7:30  Combat Shield  
  110  7:31  Supply Depot  
  110  7:32  SCV x2  
  112  7:38  Marine x2  
  112  7:41  Marine  
  112  7:43  SCV  
  116  7:44  SCV x2  
  116  7:46  Refinery  
  116  7:47  Refinery  
  116  7:48  Supply Depot  
  118  7:54  Marine x2  
  118  7:55  SCV  
  118  7:56  SCV x2, Siege Tank  
  126  7:58  Armory  
  126  7:59  Medivac x2  
  126  8:04  Supply Depot  
  130  8:07  SCV  
  130  8:08  SCV  
  130  8:09  SCV  
  130  8:10  Supply Depot  
  133  8:16  Marine x2  
  133  8:17  Marine x2  
  133  8:18  Marine, Barracks Reactor x2  
  138  8:20  SCV x2  
  138  8:21  SCV  
  139  8:28  Siege Tank  
  139  8:31  Sensor Tower  
  139  8:32  Medivac  
  141  8:34  Medivac  
  141  8:43  Marine x4  
  145  8:48  Command Center  
  145  8:53  Marine x2  
  145  8:54  Marine x2  
  146  8:59  Supply Depot  
  146  9:00  Marine, Siege Tank  
  146  9:01  Supply Depot  
  150  9:05  SCV x3  
  150  9:07  Medivac  
  150  9:08  Medivac  
  155  9:14  Factory, Marine  
  155  9:15  Marine  
  155  9:16  Barracks Reactor  
  157  9:19  Marine x6  
  157  9:21  Terran Infantry Weapons Level 2  
  163  9:32  Siege Tank  
  163  9:33  Terran Infantry Armor Level 2, Missile Turret  
  163  9:36  Supply Depot  
  166  9:39  Terran Vehicle Weapons Level 1  
  166  9:43  Marine x6  
  166  9:44  Marine  
  173  9:53  Marine  
  170  10:01  Marine  
  170  10:02  Marine  
  170  10:03  Siege Tank  
  170  10:04  Siege Tank  
  170  10:05  Marine  
  170  10:06  Marine x2  
  179  10:07  Marine  
  179  10:10  Marine  
  179  10:11  Marine  
  179  10:12  Marine  
  179  10:16  Supply Depot  
  179  10:17  Supply Depot  
  179  10:19  Marine  
  175  10:24  Medivac  
  177  10:31  Marine  
  177  10:35  Siege Tank  
  179  10:36  Siege Tank  
  179  10:38  Marine  
  179  10:42  Marine x3  
  167  10:43  Marine x2  
  167  10:45  Marine x2  
  167  10:49  Marine  
  160  10:50  SCV, Planetary Fortress  
  160  10:51  SCV x2  
  157  10:58  Marine x2  
  157  10:59  Marine x2  
  157  11:00  Marine x2  
  157  11:03  SCV x2  
  165  11:07  Siege Tank  
  165  11:08  Marine, Siege Tank  
  165  11:10  Marine  
  165  11:11  Marine x2  
  175  11:15  Marine  
  175  11:16  Marine  
  175  11:17  Marine  
  178  11:23  Marine  
  179  11:25  Marine  
  179  11:26  Marine x2  
  179  11:28  Marine  
  179  11:29  Marine x2  
  185  11:33  Marine x2  

Tags
 
Add a new tag
Caveats
  • Supply blocks, unpowered buildings, or Contaminate may cause inaccurate times.
  • Supply counts are checked every 10 seconds.